[Event "106th British-ch 2019"]
[Site "Torquay"]
[Date "2019.08.04"]
[Round "9.16"]
[White "Smith, Andrew Philip"]
[Black "Moore, Graham J"]
[Result "0-1"]
[ECO "C00"]
[WhiteElo "2147"]
[BlackElo "2264"]
[Annotator "NA"]
[PlyCount "116"]
[EventDate "2019.07.27"]
[EventType "swiss"]
[EventCountry "GBR"]
[SourceTitle "playchess.com"]
[Source "ChessBase"]
[SourceQuality "1"]
[TimeControl "40/5400+30:1800+30"]

1. e4 e6 2. f4 d5 3. e5 c5 4. Nf3 Nc6 5. c3 Qb6 6. Na3 {[%emt 0:00:32] C00: French: Unusual White 2nd moves} Nh6 7. Nc2 Bd7 8. b3 Be7 9. Be2 $146 ({Predecessor:} 9. Bd3 f6 10. c4 fxe5 11. fxe5 Qc7 12. Qe2 Nf7 13. cxd5 Ncxe5 {½-½ (57) Das,S (2251)-Grover,S (2506) Mumbai 2012}) 9... f6 10. d4 cxd4 11. cxd4 Nb4 12. O-O Nxc2 13. Qxc2 Rc8 14. Qd3 O-O 15. Bb2 a6 16. Rfc1 fxe5 17. fxe5 Nf5 18. Qd2 Bb5 19. Rxc8 Rxc8 20. Bxb5 Qxb5 21. Rc1 Rf8 22. Qe1 a5 23. Rc7 a4 24. Qc3 Qe2 25. Qc2 Qe3+ 26. Qf2 Qd3 27. bxa4 Qb1+ 28. Bc1 $1 Bd8 29. Rc3 Nxd4 30. Kh1 $19 (30. Qxd4 $11 Bb6 31. Rc5) 30... Nxf3 31. gxf3 Ba5 32. Rc2 Bb6 33. Qe2 Qb4 34. Kg2 Qd4 35. Ba3 Qg1+ 36. Kh3 Ra8 37. Bd6 Qg5 38. Rb2 Rxa4 39. Qe1 Bd8 40. Bb4 Ra6 41. Bd6 h6 42. Qb4 Rb6 43. Qd4 Qh5+ 44. Kg2 Qg6+ 45. Kh3 Qf5+ 46. Kg2 Rc6 47. Qf2 Bb6 48. Rxb6 Rc2 49. Rxb7 Qg5+ 50. Kf1 Rxf2+ 51. Kxf2 Qd2+ 52. Kg3 Qxa2 53. Rb4 Qd2 54. Rf4 d4 55. Rf8+ Kh7 56. Rf7 Qe1+ 57. Kg2 Qe2+ 58. Kg3 d3 0-1

[Event "106th British-ch 2019"]
[Site "Torquay"]
[Date "2019.08.04"]
[Round "9.17"]
[White "Jones, Steven A"]
[Black "Crickmore, Neil Eg"]
[Result "1/2-1/2"]
[ECO "B07"]
[WhiteElo "2117"]
[BlackElo "2187"]
[Annotator "NA"]
[PlyCount "116"]
[EventDate "2019.07.27"]
[EventType "swiss"]
[EventCountry "GBR"]
[SourceTitle "playchess.com"]
[Source "ChessBase"]
[SourceQuality "1"]
[TimeControl "40/5400+30:1800+30"]

1. d4 Nf6 2. Nf3 g6 3. Nbd2 Bg7 4. e4 O-O 5. Bd3 d6 6. O-O c6 7. Re1 Qc7 8. a4 Nbd7 9. c3 e5 10. Nc4 exd4 11. Bf4 Ne8 12. cxd4 Nb6 13. h3 Nxc4 14. Bxc4 Be6 15. Qb3 Bxc4 16. Qxc4 a5 17. Rac1 Qb6 18. Re3 Qd8 19. Qb3 Rb8 20. Rce1 h6 21. e5 Nc7 22. R3e2 Nd5 23. Bg3 dxe5 24. Nxe5 Qb6 25. Qf3 Rbd8 26. Rd1 Qb4 27. Ng4 Qxa4 28. Ree1 Qb4 29. Be5 f6 30. Bf4 Nxf4 31. Qxf4 h5 32. Ne3 Qd6 33. Qf3 Bh6 34. Nc4 Qd5 35. Qd3 f5 36. Re5 Qd7 37. Rxa5 Bg7 38. Qg3 b5 39. Ne5 Qc7 40. Raa1 Bxe5 41. Qxe5 Qf7 42. Ra6 Rd5 43. Qf4 Rc8 44. Rda1 Kh7 45. Ra8 Rxa8 46. Rxa8 Qg7 47. Rc8 Rxd4 48. Qc7 Rd1+ 49. Kh2 Qxc7+ 50. Rxc7+ Kh6 51. Rxc6 Rd2 52. f4 Rxb2 53. h4 b4 54. Rc7 b3 55. Rb7 Rb1 56. g3 Rb2+ 57. Kh3 Rb1 58. Kh2 Rb2+ 1/2-1/2

[Event "106th British-ch 2019"]
[Site "Torquay"]
[Date "2019.08.04"]
[Round "9.18"]
[White "Starley, Robert"]
[Black "Ogunshola, Olugbemiga (Ben)"]
[Result "1/2-1/2"]
[ECO "C66"]
[WhiteElo "2058"]
[BlackElo "2172"]
[Annotator "NA"]
[PlyCount "32"]
[EventDate "2019.07.27"]
[EventType "swiss"]
[EventCountry "GBR"]
[SourceTitle "playchess.com"]
[Source "ChessBase"]
[SourceQuality "1"]
[TimeControl "40/5400+30:1800+30"]

1. e4 e5 2. Nf3 Nc6 3. Bb5 d6 4. d4 Bd7 5. d5 Nb8 6. Bxd7+ Nxd7 7. O-O Ngf6 8. Re1 Be7 9. c4 O-O 10. Nc3 a5 11. h3 Nc5 12. Qc2 Qd7 13. Be3 b6 14. b3 Nh5 15. a3 f5 16. exf5 Rxf5 1/2-1/2

[Event "106th British-ch 2019"]
[Site "Torquay"]
[Date "2019.08.04"]
[Round "9.20"]
[White "Krzyzanowski, Patryk"]
[Black "Zapolskis, Antanas"]
[Result "0-1"]
[ECO "A26"]
[WhiteElo "2114"]
[BlackElo "2290"]
[Annotator "ChessBase"]
[PlyCount "52"]
[EventDate "2019.07.27"]
[EventType "swiss"]
[EventCountry "GBR"]
[SourceTitle "playchess.com"]
[Source "ChessBase"]
[SourceQuality "1"]
[TimeControl "40/5400+30:1800+30"]

1. c4 e5 2. Nc3 Nc6 3. g3 g6 4. Bg2 Bg7 5. d3 f5 6. Nf3 Nf6 7. Bg5 h6 8. Bxf6 Qxf6 9. O-O O-O 10. Rb1 Ne7 11. Nd2 c6 12. c5 d5 13. cxd6 Qxd6 14. b4 Be6 15. Qc2 Nd5 16. Nc4 Qe7 17. b5 Nxc3 18. Qxc3 e4 19. Qc1 Rac8 20. b6 exd3 21. bxa7 d2 22. Qa3 Qxa3 23. Nxa3 Rf7 24. Rb4 Ra8 25. Nc4 Rxa7 26. a4 Bf8 0-1

[Event "106th British-ch 2019"]
[Site "Torquay"]
[Date "2019.08.04"]
[Round "9.21"]
[White "Yoon, Jacob D"]
[Black "Merriman, John"]
[Result "1/2-1/2"]
[ECO "C03"]
[WhiteElo "1963"]
[BlackElo "2226"]
[Annotator "ChessBase"]
[PlyCount "74"]
[EventDate "2019.07.27"]
[EventType "swiss"]
[EventCountry "GBR"]
[SourceTitle "playchess.com"]
[Source "ChessBase"]
[SourceQuality "1"]
[TimeControl "40/5400+30:1800+30"]

1. e4 e6 2. d4 d5 3. Nd2 Be7 4. e5 c5 5. c3 Nc6 6. Bd3 Nh6 7. Ndf3 Nf5 8. Ne2 cxd4 9. cxd4 Bb4+ 10. Bd2 Qb6 11. O-O Bd7 12. Bxb4 Qxb4 13. Bxf5 exf5 14. Nf4 Be6 15. a3 Qe7 16. Nxe6 fxe6 17. b4 O-O 18. Qd3 g5 19. Nd2 f4 20. f3 Rac8 21. g4 Kg7 22. Rac1 Qd7 23. Nb3 b6 24. Rc3 Ne7 25. Rfc1 Rxc3 26. Rxc3 Rc8 27. Rxc8 Qxc8 28. Kf2 h5 29. h3 Qh8 30. Ke1 hxg4 31. hxg4 Qh2 32. Nd2 Qg1+ 33. Ke2 Ng6 34. Qc3 Kf7 35. Qc7+ Ne7 36. Qc3 Qg2+ 37. Kd1 Qh1+ 1/2-1/2

[Event "106th British-ch 2019"]
[Site "Torquay"]
[Date "2019.08.04"]
[Round "9.22"]
[White "Longson, Sarah N"]
[Black "Holland, Chris Kd"]
[Result "0-1"]
[ECO "C05"]
[WhiteElo "2095"]
[BlackElo "2143"]
[Annotator "ChessBase"]
[PlyCount "58"]
[EventDate "2019.07.27"]
[EventType "swiss"]
[EventCountry "GBR"]
[SourceTitle "playchess.com"]
[Source "ChessBase"]
[SourceQuality "1"]
[TimeControl "40/5400+30:1800+30"]

1. e4 e6 2. d4 d5 3. Nd2 Nf6 4. Bd3 c5 5. c3 Nc6 6. Ngf3 cxd4 7. cxd4 dxe4 8. Nxe4 Bb4+ 9. Nc3 O-O 10. O-O Bd7 11. a3 Be7 12. Bc2 Qa5 13. Qd3 Qh5 14. Ne2 Nd5 15. Ng3 Qg6 16. Qe2 f5 17. Bb3 Rad8 18. Bxd5 exd5 19. Qb5 f4 20. Ne2 Nxd4 21. Qxd5+ Be6 22. Qxb7 Bd5 23. Qxe7 Nxf3+ 24. Kh1 Nh4 25. Ng3 Bxg2+ 26. Kg1 Bxf1 27. Bxf4 Nf5 28. Qxa7 Bc4 29. Rc1 Nh4 0-1

[Event "106th British-ch 2019"]
[Site "Torquay"]
[Date "2019.08.04"]
[Round "9.24"]
[White "Kahn, Tito"]
[Black "Player, Edmund C"]
[Result "0-1"]
[ECO "D00"]
[WhiteElo "1921"]
[BlackElo "2202"]
[Annotator "ChessBase"]
[PlyCount "76"]
[EventDate "2019.07.27"]
[EventType "swiss"]
[EventCountry "GBR"]
[SourceTitle "playchess.com"]
[Source "ChessBase"]
[SourceQuality "1"]
[TimeControl "40/5400+30:1800+30"]

1. d4 Nf6 2. Bf4 d5 3. e3 c5 4. Nd2 Nc6 5. c3 Qb6 6. Qb3 c4 7. Qc2 Bg4 8. Ngf3 e6 9. e4 Be7 10. Ne5 Nxe5 11. Bxe5 O-O 12. f3 Bh5 13. O-O-O Nd7 14. g4 Bg6 15. Bg3 Qc6 16. h4 h6 17. Bg2 b5 18. h5 Bh7 19. Rde1 b4 20. f4 bxc3 21. bxc3 Ba3+ 22. Kd1 Rab8 23. f5 Rb2 24. Qc1 Rxa2 25. Qb1 Rb2 26. Qc1 Qa4+ 27. Ke2 Rc2 28. Qa1 Qb3 29. Bf4 Bb2 30. Qb1 Bxc3 31. Qxb3 cxb3 32. Rb1 Bxd2 33. Bxd2 b2 34. Kd1 Rfc8 35. exd5 exf5 36. gxf5 Bxf5 37. Rf1 Bd3 38. Rf3 Rxd2+ 0-1

[Event "106th British-ch 2019"]
[Site "Torquay"]
[Date "2019.08.04"]
[Round "9.25"]
[White "Donaldson, Thomas"]
[Black "Jaufarally, Nadia"]
[Result "1-0"]
[ECO "E97"]
[WhiteElo "2065"]
[BlackElo "1944"]
[Annotator "NA"]
[PlyCount "93"]
[EventDate "2019.07.27"]
[EventType "swiss"]
[EventCountry "GBR"]
[SourceTitle "playchess.com"]
[Source "ChessBase"]
[SourceQuality "1"]
[TimeControl "40/5400+30:1800+30"]

1. d4 Nf6 2. c4 g6 3. Nc3 Bg7 4. e4 d6 5. Nf3 O-O 6. Be2 e5 7. O-O Nc6 8. d5 Ne7 9. b4 a5 10. bxa5 Rxa5 11. a4 Nd7 12. Ba3 Nc5 13. Bb4 Ra8 14. Bxc5 dxc5 15. Nd2 f5 16. f3 Bh6 17. Nb3 Be3+ 18. Kh1 f4 19. Qc2 g5 20. Nd1 Bd4 21. Nxd4 exd4 22. e5 Qe8 23. e6 Nf5 24. Bd3 Ng3+ 25. Kg1 Nxf1 26. Kxf1 Bxe6 27. Bxh7+ Kg7 28. dxe6 Qxe6 29. h3 Rfe8 30. Nf2 Rad8 31. Bd3 Qa6 32. Ne4 Re5 33. Qb3 Ra8 34. a5 b6 35. Qb5 Qxb5 36. cxb5 bxa5 37. Ra4 c6 38. bxc6 Rc8 39. Bb5 c4 40. Nd6 Rc7 41. Rxc4 Kf8 42. Rxd4 Rxb5 43. Nxb5 Rxc6 44. Ra4 Rc1+ 45. Kf2 Kg7 46. Rxa5 Kh6 47. Ra6+ 1-0